 Dungeon Crawl Stone Soup version 0.25-a0-1133-g93ebf73 (webtiles) character file.

Game seed: 7146387489670896616, levelgen mode: deterministic

19 BlueFish the Grasshopper (level 2, -2/19 HPs)
             Began as an Octopode Warper on May 23, 2020.
             Slain by an adder (3 damage)
             ... on level 2 of the Dungeon.
             The game lasted 00:01:42 (1037 turns).

BlueFish the Grasshopper (Octopode Warper)          Turns: 1037, Time: 00:01:42

Health: -2/19      AC:  1    Str: 10    XL:     2   Next: 75%
Magic:  3/5        EV: 13    Int: 15    God:
Gold:   38         SH:  0    Dex: 11    Spells: 1/5 levels left

rFire    . . .     SeeInvis .     - Unarmed
rCold    . . .     Gourm    .   (no shield)
rNeg     . . .     Faith    .   (helmet restricted)
rPois    .         Spirit   .   (no amulet)
rElec    .         Reflect  .   (no ring)
rCorr    .         Harm     .   (no ring)
MR       .....                  (no ring)
Stlth    ++........             (no ring)
HPRegen  0.06/turn              (no ring)
MPRegen  0.09/turn              (no ring)
                                (no ring)
                                (no ring)

@: shrouded
A: almost no armour, stealthy swim, amphibious, 8 rings, constrict 8, camouflage
1, gelatinous body 1
a: no special abilities


You were on level 2 of the Dungeon.
You were not hungry.

You visited 1 branch of the dungeon, and saw 2 of its levels.

You collected 38 gold pieces.

Inventory:

Missiles
 a - 39 stones
 c - 5 boomerangs of dispersal (quivered)
 f - 15 poisoned darts
Scrolls
 b - a scroll of blinking
 e - 4 scrolls of identify {unknown}
 h - a scroll of random uselessness {unknown}
 k - a scroll of enchant armour {unknown}
Potions
 g - a potion of might {unknown}
 i - 2 potions of magic {unknown}
 j - a potion of flight {unknown}
Comestibles
 d - 6 rations
 l - a chunk of flesh


   Skills:
 * Level 2.2 Fighting
 * Level 1.2 Throwing
 * Level 2.7 Dodging
 * Level 0.7 Stealth
 * Level 2.2 Unarmed Combat
 + Level 2.0 Spellcasting
 + Level 3.1 Translocations


You had one spell level left.
You knew the following spells:

 Your Spells              Type           Power        Failure   Level  Hunger
a - Shroud of Golubria    Chrm/Tloc      #.....       19%         2    ###....
b - Blink                 Tloc           N/A          10%         2    ###....

Your spell library contained the following spells:

 Spells                   Type           Power        Failure   Level  Hunger
 Gell's Gravitas          Tloc           ##........   19%         3    ###....
 Lesser Beckoning         Tloc           ##........   19%         3    ###....
 Teleport Other           Tloc           ##......     19%         3    ###....
 Passage of Golubria      Tloc           N/A          52%         4    #####..


Dungeon Overview and Level Annotations

Branches:
Dungeon (2/15)

Altars:


Innate Abilities, Weirdness & Mutations

You cannot wear most types of armour.
You are very stealthy in the water. (Stealth+)
You are amphibious.
You can wear up to eight rings at the same time.
You can use your tentacles to constrict eight enemies at once.
Your skin changes colour to match your surroundings (Stealth+).
Your rubbery body absorbs attacks. (AC +1, EV +1)


Message History

You tentacle-slap the adder. Your grab misses the adder.
The adder is lightly wounded.
The hobgoblin barely misses you. The adder bites you.
You tentacle-slap the adder. You grab the adder.
The adder is moderately wounded.
You constrict the adder, but do no damage.
The adder closely misses you. The hobgoblin hits you.
You barely miss the adder.
The adder is moderately wounded.
You constrict the adder. The adder bites you.
* * * LOW HITPOINT WARNING * * *
The hobgoblin hits you.
* * * LOW HITPOINT WARNING * * *
Cast which spell? (? or * to list) Space distorts slightly along a thin shroud covering your body.
You constrict the adder. The adder barely misses you.
Your shroud bends the hobgoblin's attack away.
An adder comes into view.
The adder bites you.
You die...

.
#.##.##.###)####
..≈≈# #.#.#.....#
#)# ...≈≈#
.#.#.....# #.#
....≈≈# ..#.###.#
#<# .....≈≈##.#)#
#.# ###
≈≈....≈≈#.#.###.#
♣≈....≈#>.)....#
#≈...g≈#S#######
#≈.(.S@'.#
#≈...r.'.#
#≈....≈###
♣≈...?≈#
≈≈....≈≈#
.....≈≈## ....≈≈#
...≈≈#


You could see 2 adders, a quokka and a hobgoblin.

Vanquished Creatures
  An ooze (D:1)
  A dart slug (D:1)
  3 goblins (D:1)
  2 hobgoblins (D:1)
  A frilled lizard (D:2)
  3 kobolds
  2 rats (D:1)
13 creatures vanquished.

Notes
Turn   | Place    | Note
-------+----------+-------------------------------------------
     0 | D:1      | BlueFish the Octopode Warper began the quest for the Orb.
     0 | D:1      | Reached XP level 1. HP: 14/14 MP: 3/3
   137 | D:1      | Reached XP level 2. HP: 15/19 MP: 5/5
   141 | D:1      | Learned a level 2 spell: Shroud of Golubria
   144 | D:1      | Learned a level 2 spell: Blink
  1037 | D:2      | Slain by an adder

Illustrated notes

Levels and vault maps discovered:
D:1:      psy_arrival_statuary, layout_basic
D:2:      cheibrodos_fertilizer, layout_basic, lemuel_doored_altar,
          kennysheep_big_empty_room, uniq_crazy_yiuf_cottage

Action                   || total
-------------------------++-------
Melee: Unarmed           ||    39
       Constrict         ||    11
       Punch             ||     2
       Tentacles         ||     2
 Cast: Shroud of Golubri ||     1
 Stab: Sleeping          ||     1
Armor: Skin              ||     3
Dodge: Dodged            ||    17

Table legend:
 A = Non-vault XP
 B = Vault XP
 C = Vault XP percentage of total XP
 D = Non-vault monster count
 E = Vault monster count
 F = Vault count percentage of total count
                 A         B        C        D         E       F
            +---------+---------+-------+---------+---------+-------
      Total |      28 |       0 |   0.0 |      13 |       0 |   0.0
            +---------+---------+-------+---------+---------+-------
        D:1 |      23 |       0 |   0.0 |      10 |       0 |   0.0
        D:2 |       5 |       0 |   0.0 |       3 |       0 |   0.0
            +---------+---------+-------+---------+---------+-------
